 Dungeon Crawl Stone Soup version 0.31-a0-271-gb88eb75e06 (console) character file.

Game seed: 13739642971645187157

9901 petzl the Thaumaturge (level 11, -8/75 HPs)
             Began as a Formicid Delver on July 14, 2023.
             Mangled by a skeletal warrior
             ... wielding a +0 battleaxe
              (19 damage)
             ... on level 13 of the Dungeon.
             The game lasted 01:04:07 (12659 turns).

petzl the Thaumaturge (Formicid Delver)            Turns: 12659, Time: 01:04:08

Health: -8/75      AC:  7    Str: 18    XL:     11   Next: 83%
Magic:  0/24       EV: 12    Int: 21    God:
Gold:   294        SH:  0    Dex: 21    Spells: 4/28 levels left

rFire   + . .        b - +7 flail {venom, rF+ rCorr Str+2}
rCold   . . .        (no shield)
rNeg    + . .        A - +0 troll leather armour
rPois   .            (helmet unavailable)
rElec   .            n - +1 cloak
rCorr   +            G - +0 pair of gloves
SInv    +            (no boots)
Will    +....        H - amulet of guardian spirit
Stlth   +++          E - ring "Lidunoig" {*Slow Int+6 Dex+6}
HPRegen 1.12/turn    K - ring of positive energy
MPRegen 0.19/turn

%: slow self (1%), guardian spirit
@: no status effects
A: permanent stasis, dig shafts and tunnels, antennae 3, four strong arms
a: Dig, Shaft Self


You were on level 13 of the Dungeon.
You visited 1 branch of the dungeon, and saw 14 of its levels.

You collected 1302 gold pieces.
You spent 1008 gold pieces at shops.

Inventory:

Hand Weapons
 a - a +1 orcbow of flaming
 b - the +7 flail "Bova Xoz" (weapon) {venom, rF+ rCorr Str+2}
   (You found it on level 9 of the Dungeon)

   Str:       It affects your strength (+2).
   rF:        It protects you from fire.
   rCorr:     It protects you from acid and corrosion.
 c - a +2 whip of draining
 d - a +3 quarterstaff of chaos
 g - the +6 Majin-Bo {spellvamp, MP+6 Int+6}
   (You acquired it on level 5 of the Dungeon)

   Int:       It affects your intelligence (+6).
   MP:        It affects your magic capacity (+6).
 C - a +5 scimitar of freezing
 O - a +2 trident of venom
Missiles
 k - 3 curare-tipped darts (quivered)
Armour
 n - a +1 cloak (worn)
 A - a +0 troll leather armour (worn)
 G - a +0 pair of gloves (worn)
 L - a +0 tower shield
Jewellery
 t - a ring of resist corrosion
 E - the ring "Lidunoig" (left hand) {*Slow Int+6 Dex+6}
   (You found it on level 6 of the Dungeon)

   [ring of intelligence]

   Int:       It affects your intelligence (+6).
   Dex:       It affects your dexterity (+6).
   *Slow:     It may slow you when you take damage.
 H - an amulet of guardian spirit (around neck)
 K - a ring of positive energy (right hand)
Talismans
 x - a beast talisman
 N - a serpent talisman
Wands
 f - a wand of digging (3)
 y - a wand of flame (7)
 P - a wand of roots (4)
Scrolls
 e - a scroll of fear
 i - 2 scrolls of amnesia
 m - 2 scrolls of enchant armour
 r - a scroll of torment
 v - a scroll of silence {unknown}
 w - a scroll of vulnerability
 B - 6 scrolls of fog
 D - a scroll of identify
 J - 2 scrolls of revelation
 M - 2 scrolls of poison
 Q - a scroll of immolation
Potions
 j - 2 potions of cancellation
 l - a potion of magic
 o - 2 potions of ambrosia
 p - 6 potions of curing
 q - a potion of resistance
 s - a potion of invisibility {unknown}
 u - 2 potions of haste {unknown}
 z - 2 potions of might {unknown}
 F - a potion of lignification {unknown}
 I - a potion of brilliance {unknown}


   Skills:
 - Level 3.2 Fighting
 - Level 3.0 Maces & Flails
 - Level 4.0 Ranged Weapons
 - Level 1.7 Dodging
 + Level 6.1 Stealth
 + Level 9.3 Spellcasting
 + Level 8.4 Conjurations
 + Level 6.8 Translocations
 + Level 6.0 Fire Magic
 + Level 3.9 Air Magic
 + Level 0.6 Earth Magic
 + Level 0.5 Evocations


You had 4 spell levels left.
You knew the following spells:

 Your Spells              Type           Power      Damage    Failure   Level
a - Shock                 Conj/Air       100%       1d9       1%          1
b - Stone Arrow           Conj/Erth      58%        3d10      3%          3
c - Fireball              Conj/Fire      20%        3d10      12%         5
o - Orb of Destruction    Conj           22%        9d8       91%         7
p - Passage of Golubria   Tloc           38%        N/A       4%          4
s - Sticky Flame          Conj/Fire      40%        2d6       4%          4

Your spell library contained the following spells:

 Spells                   Type           Power      Damage    Failure   Level
 Foxfire                  Conj/Fire      100%       2x1d9     1%          1
 Sandblast                Erth           24%        2d8       6%          1
 Passwall                 Tmut/Erth      9%         N/A       11%         2
 Airstrike                Air            13%        2d(2-18)  16%         4
 Tukima's Dance           Hex            9%         N/A       26%         3
 Starburst                Conj/Fire      20%        6d7       54%         6
 Plasma Beam              Fire/Air       15%        2x1d26    85%         6
 Borgnjor's Vile Clutch   Necr/Erth      5%         N/A       90%         5
 Alistair's Intoxication  Tmut/Pois      6%         N/A       93%         5
 Yara's Violent Unravell  Hex/Tmut       4%         3d4       93%         5
 Eringya's Noxious Bog    Tmut/Pois      4%         4d6       100%        6
 Swiftness                Air            Unusable   N/A       N/A         3

Dungeon Overview and Level Annotations

Branches:
Dungeon (14/15)            Temple (0/1) D:6            Lair (0/5) D:10
    Orc (0/2) D:9
 Vaults: D:13-14

Altars:
Gozag

Shops:
D:5 *!   D:6 ::*(   D:13 [

Annotations:
D:3 2 transporters, salammoniac's ghost, weakling DgSh
D:10 3 runed translucent doors, Tollund's ghost, journeyman TrSh
D:11 !Erolcha, Erolcha
D:12 exclusions: downstairs, gargoyle and wraith


Innate Abilities, Weirdness & Mutations

You cannot be hasted, slowed, berserked, paralysed or teleported.
You can dig through walls and to a lower floor.
You have a pair of large antennae on your head. (SInv)
Your four strong arms can wield two-handed weapons with a shield.


Message History

Confirm with . or Enter, or press ? or * to list all spells.
You don't have enough magic to cast this spell.
A skeletal warrior is nearby!
A skeletal warrior is nearby!
Unknown command.
Unknown command.
Casting: Sticky Flame (dangerous; 4% risk of failure)
Confirm with . or Enter, or press ? or * to list all spells.
You don't have enough magic to cast this spell.
Magic courses through your body.
The skeletal warrior hits you with a +0 battleaxe!
Casting: Sticky Flame (dangerous; 4% risk of failure)
Confirm with . or Enter, or press ? or * to list all spells.
Aiming: Passage of Golubria (dangerous; 4% risk of failure)
Press: ? - help, Dir - move target The skeletal warrior misses you.
You enter the passage of Golubria.
There is a passage of Golubria here.
There is an empty arch of ancient stone here.
Okay, then.
Unknown command.
Okay, then.
Okay, then.
Unknown command.
Unknown command.
Unknown command.
As you read the scroll of fear, it crumbles to dust.
You assume a fearsome visage.
The two-headed ogre looks frightened!
The skeletal warrior is unaffected.
Casting: Passage of Golubria (dangerous; 4% risk of failure)
Confirm with . or Enter, or press ? or * to list all spells.
Aiming: Passage of Golubria (dangerous; 4% risk of failure)
Press: ? - help, Dir - move target The skeletal warrior hits you with a +0 battleaxe!
The skeletal warrior attacks as you move away!
The skeletal warrior hits you with a +0 battleaxe!!
* * * LOW HITPOINT WARNING * * *
You enter the passage of Golubria.
The skeletal warrior hits you with a +0 battleaxe!!
You die...

... .. .... .# ....# $# {
.....# .# # .. ......##.# ..
... ......... .#....
...>.....###.#.....
..........<#!......
........##^...#....
..............#..# #.
.......O........# ...
#...........#.#....#...#
#........∩.§......##...
#.......∩∩∩#.........#
#........∩z........#.#
###.........@###..#....#####
.............# ##....###....
.............#####...##..#
............##..........##
.......<..>##..######^...#
$.......#####.## #......#
############..# ##..##.#.#
#{...####...# .# #
##.####D.§.## # #..###..####
#......## ########


You could see a skeletal warrior and a two-headed ogre (fleeing).

Vanquished Creatures
  A centaur warrior (D:10)
  A two-headed ogre (D:8)
  A fire crab (D:10)
  A rust devil (D:9)
  Maggie (D:7)
  2 trolls
  A hellwing (D:8)
  Prince Ribbit (D:6)
  8 yaks
  A vampire (D:14)
  A wraith (D:9)
  3 wyverns
  A neqoxec (D:9)
  2 steam dragons
  2 wargs (D:9)
  Menkaure (D:7)
  A water moccasin (D:6)
  2 ice beasts
  2 sky beasts
  6 orc warriors
  3 black bears
  An ogre (D:4)
  2 centaurs
  A kobold brigand (D:8)
  A bullfrog (D:8)
  4 gnoll sergeants
  2 scorpions
  4 wights (D:8)
  4 killer bees (D:7)
  2 howler monkeys (D:9)
  2 hounds
  4 jellies
  4 orc priests
  Crazy Yiuf (D:6)
  7 iguanas
  4 sleepcaps
  10 orc wizards
  16 gnolls
  6 adders
  A shadow imp (D:8)
  A white imp (D:6)
  12 dart slugs
  33 orcs
  12 ball pythons
  9 bats
  6 endoplasms
  5 giant cockroaches
  10 goblins
  6 hobgoblins
  3 quokkas
  4 frilled lizards
  9 kobolds
  2 rats (D:1)
230 creatures vanquished.

Vanquished Creatures (others)
  A two-headed ogre (D:14)
  2 kobolds (D:8)
3 creatures vanquished.

Grand Total: 233 creatures vanquished

Notes
Turn   | Place    | Note
-------+----------+-------------------------------------------
     0 | D:5      | petzl the Formicid Delver began the quest for the Orb.
     0 | D:5      | Reached XP level 1. HP: 18/18 MP: 1/1
     6 | D:6      | Noticed a sky beast
    10 | D:5      | Noticed a centaur
   137 | D:4      | Reached skill level 1 in Spellcasting
   137 | D:4      | Reached XP level 2. HP: 20/24 MP: 2/4
   193 | D:2      | Reached skill level 2 in Spellcasting
   276 | D:1      | Reached XP level 3. HP: 28/29 MP: 6/6
   571 | D:1      | Reached skill level 3 in Spellcasting
  1049 | D:2      | Reached XP level 4. HP: 34/35 MP: 8/8
  2026 | D:3      | Reached skill level 1 in Ranged Weapons
  2043 | D:3      | Found a transporter.
  2050 | D:3      | Noticed salammoniac's ghost (weakling DgSh)
  2066 | D:3      | Found a transporter.
  2109 | D:3      | Reached XP level 5. HP: 41/41 MP: 10/10
  2210 | D:3      | Reached skill level 4 in Spellcasting
  2417 | D:3      | Found an opulent altar of Gozag.
  2515 | D:3      | Found a faded altar of an unknown god.
  3117 | D:4      | Reached XP level 6. HP: 20/47 MP: 12/12
  3280 | D:4      | Noticed an ogre
  3299 | D:4      | Killed an ogre
  3651 | D:5      | Reached skill level 5 in Spellcasting
  3696 | D:5      | Reached XP level 7. HP: 36/52 MP: 14/14
  3794 | D:5      | Identified a scroll of acquirement
  3797 | D:5      | Acquired the +6 Majin-Bo {spellvamp, MP+6 Int+6}
  3797 | D:5      | Found the +6 Majin-Bo {spellvamp, MP+6 Int+6}
  3964 | D:5      | Found Jukk's General Store.
  3969 | D:5      | Bought 2 scrolls of identify for 52 gold pieces
  3969 | D:5      | Bought a scroll of identify for 26 gold pieces
  4156 | D:5      | Reached skill level 6 in Spellcasting
  4229 | D:5      | Noticed a steam dragon
  4247 | D:5      | Found Wilippot's Distillery.
  4255 | D:5      | Bought a potion of curing for 33 gold pieces
  4255 | D:5      | Bought a potion of heal wounds for 55 gold pieces
  4777 | D:6      | Reached XP level 8. HP: 43/58 MP: 16/18
  4834 | D:6      | Found Dedutuh's General Store.
  4834 | D:6      | Found Kuroorie's Book Shop.
  4858 | D:6      | Reached skill level 7 in Spellcasting
  4943 | D:6      | Learned a level 4 spell: Passage of Golubria
  4945 | D:6      | Learned a level 1 spell: Shock
  4953 | D:6      | Found Rullavvy's Antique Weapon Shop.
  4957 | D:6      | Found Cualiat's Book Shop.
  4981 | D:6      | Noticed Prince Ribbit
  5086 | D:5      | Reached skill level 1 in Conjurations
  5086 | D:5      | Reached skill level 1 in Translocations
  5099 | D:5      | Reached skill level 1 in Air Magic
  5219 | D:6      | Killed Prince Ribbit
  5695 | D:6      | Identified the ring "Lidunoig" {*Slow Int+6 Dex+6}
  5879 | D:6      | Reached XP level 9. HP: 64/64 MP: 19/19
  5992 | D:6      | Found a staircase to the Ecumenical Temple.
  6276 | D:6      | Found a runed translucent door.
  6277 | D:6      | Noticed Crazy Yiuf
  6540 | D:6      | Killed Crazy Yiuf
  6627 | D:7      | Noticed Menkaure
  6910 | D:7      | You fall into a shaft and drop 3 floors!
  6910 | D:10     | Entered Level 10 of the Dungeon
  6965 | D:9      | Noticed a hellwing
  6979 | D:8      | You fall into a shaft and drop 1 floor!
  7231 | D:9      | Noticed a troll
  7250 | D:9      | Noticed a rust devil
  7423 | D:8      | Noticed a two-headed ogre
  7597 | D:7      | Noticed Maggie
  7607 | D:7      | Killed Maggie
  7608 | D:7      | Reached skill level 5 in Conjurations
  7846 | D:7      | Reached XP level 10. HP: 29/70 MP: 14/20
  8038 | D:7      | Acquired 730 gold pieces
  8092 | D:6      | Bought the Parchment of Assaults for 494 gold pieces
  8097 | D:6      | Learned a level 4 spell: Sticky Flame
  8105 | D:6      | Learned a level 7 spell: Orb of Destruction
  8111 | D:6      | Learned a level 5 spell: Fireball
  8115 | D:6      | Bought a scroll of brand weapon for 142 gold pieces
  8115 | D:6      | Bought a scroll of identify for 30 gold pieces
  8635 | D:7      | Killed Menkaure
  8636 | D:7      | Reached skill level 1 in Fire Magic
  9221 | D:8      | Killed a two-headed ogre
  9222 | D:8      | Reached skill level 5 in Translocations
  9839 | D:9      | Reached skill level 8 in Spellcasting
  9933 | D:9      | Learned a level 3 spell: Stone Arrow
  9951 | D:9      | Identified the +7 flail "Bova Xoz" {venom, rF+ rCorr Str+2}
  9965 | D:9      | Found a staircase to the Orcish Mines.
 10190 | D:9      | Reached XP level 11. HP: 62/75 MP: 10/23
 10461 | D:9      | Reached skill level 5 in Fire Magic
 11068 | D:11     | Identified the +6 rapier "Gairof" {freeze, rC- Dex+7}
 11088 | D:11     | Noticed Erolcha
 11486 | D:5      | Bought a potion of heal wounds for 55 gold pieces
 11486 | D:5      | Bought a potion of heal wounds for 55 gold pieces
 11486 | D:5      | Bought 3 potions of degeneration for 33 gold pieces
 11486 | D:5      | Bought a potion of curing for 33 gold pieces
 11701 | D:10     | Found a runed translucent gate.
 11701 | D:10     | Found a runed translucent gate.
 11701 | D:10     | Found a runed translucent gate.
 11829 | D:10     | Noticed Tollund's ghost (journeyman TrSh)
 12030 | D:10     | Noticed a fire crab
 12031 | D:10     | Found a staircase to the Lair.
 12048 | D:10     | Killed a fire crab
 12049 | D:10     | Reached skill level 9 in Spellcasting
 12143 | D:10     | Noticed a centaur warrior
 12155 | D:10     | Killed a centaur warrior
 12267 | D:11     | You fall into a shaft and drop 2 floors!
 12270 | D:13     | Noticed a six-headed hydra
 12295 | D:13     | Found Joneraus's Antique Armour Shoppe.
 12295 | D:13     | Noticed a two-headed ogre
 12582 | D:14     | Noticed a two-headed ogre
 12597 | D:14     | Killed a two-headed ogre
 12624 | D:14     | Noticed a deep elf pyromancer
 12631 | D:14     | Noticed a skeletal warrior
 12631 | D:14     | Noticed a skeletal warrior
 12631 | D:14     | Noticed a skeletal warrior
 12645 | D:14     | Noticed a skeletal warrior
 12659 | D:13     | Mangled by a skeletal warrior

Illustrated notes

Levels and vault maps discovered:
D:1:      minmay_arrival_semitransparent, layout_basic
D:2:      layout_basic, grunt_ministairs_4
D:3:      kennysheep_slugbush, layout_rooms, grunt_gozag_breadcrumbs,
          hellmonk_ecumenical_altar_heavens_door, gammafunk_ghost_stat_death
D:4:      layout_loops_cross
D:5:      layout_basic, serial_shops, shop, nicolae_wooded_promenade
D:6:      layout_cave_pods, minmay_temple_entry_enclosed_plants,
          minmay_shop_grid_forest, hangedman_abyss_or_decor_stabs,
          uniq_crazy_yiuf_cottage, uniq_prince_ribbit1
D:7:      layout_basic, uniq_maggie, uniq_menkaure
D:8:      layout_basic, grunt_ministairs_11
D:9:      layout_stronghold, david_orc_1_choice, serial_demonic,
          serial_demonic_c, serial_demonic_g, serial_demonic_a, serial_demonic_d
D:10:     layout_roguey, minmay_lair_entry_lava, gammafunk_ghost_icy
D:11:     layout_loops_ring, uniq_erolcha
D:12:     layout_irregular_city, uniq_fannar
D:13:     layout_rooms, serial_shops, nicolae_shop_dealshenge
D:14:     layout_loops_corners, david_vaults_1, serial_shops,
          kennysheep_little_box, nzn_hepliaklqana_mist_gate, lemuel_flame_loot_1

Skill      XL: |  1  2  3  4  5  6  7  8  9 10 11 |
---------------+----------------------------------+-----
Spellcasting   | 1 2 3 4 5 6 7 8 9 |  9.3
Ranged Weapons | 1 2 3 4 |  4.0
Conjurations   | 2 6 7 8 |  8.4
Translocations | 2 4 5 6 |  6.8
Air Magic      | 2 3 |  3.9
Fire Magic     | 4 6 |  6.0
Maces & Flails | 3 |  3.0
Fighting       | |  3.2
Dodging        | |  1.7
Stealth        | |  6.1
Earth Magic    | |  0.6
Evocations     | |  0.5

Action                     |  1- 3 |  4- 6 |  7- 9 | 10-12 || total
---------------------------+-------+-------+-------+-------++-------
  Melee: Dagger            |    73 |    83 |       |       ||   156
         Mace              |     1 |       |       |       ||     1
         Punch             |     1 |     1 |     1 |     2 ||     5
         Whip              |       |    14 |    31 |       ||    45
         Trident           |       |       |   156 |    15 ||   171
         Quarterstaff      |       |       |    12 |    27 ||    39
         Flail             |       |       |       |    44 ||    44
   Fire: Sling             |       |   158 |       |       ||   158
         Shortbow          |       |       |   120 |     8 ||   128
         Orcbow            |       |       |       |   176 ||   176
  Throw: Dart              |       |     1 |     7 |     2 ||    10
   Cast: Fireball          |       |       |       |    13 ||    13
         Sticky Flame      |       |       |       |    15 ||    15
         Passage of Golubr |       |       |       |     6 ||     6
         Stone Arrow       |       |       |       |     4 ||     4
Ability: Dig               |       |       |     5 |       ||     5
         Shaft Self        |       |       |     2 |     1 ||     3
  Evoke: Wand              |       |       |       |     2 ||     2
    Use: Scroll            |       |     1 |    11 |     9 ||    21
         Potion            |       |       |     1 |     6 ||     7
   Stab: Sleeping          |    11 |     6 |       |       ||    17
 Armour: Leather armour    |    13 |    59 |    71 |       ||   143
         Steam dragon scal |       |       |     9 |    22 ||    31
         Troll leather arm |       |       |       |    24 ||    24
  Dodge: Dodged            |    38 |   101 |   172 |    97 ||   408

Table legend: (Time is in decaauts)
 A = Elapsed time spent in this place.
 B = Non-inter-level travel time spent in this place.
 C = Inter-level travel time spent in this place.
 D = Time resting spent in this place.
 E = Time spent auto-exploring this place.
 F = Levels seen in this place.
 G = Mean time per level.
                   A        B        C        D        E       F      G
               +--------+--------+--------+--------+--------+-----+--------+
         Total |  12803 |  11999 |    804 |   2594 |   5725 |  14 |  914.5 |
       Dungeon |  12803 |  11999 |    804 |   2594 |   5725 |  14 |  914.5 |
               +--------+--------+--------+--------+--------+-----+--------+

Top non-repeatable levels by time:
     D:9: 1921 daAuts
     D:6: 1670 daAuts
     D:7: 1596 daAuts
     D:5: 1501 daAuts
     D:8: 1352 daAuts
     D:2: 1035 daAuts
     D:3: 966 daAuts
     D:4: 930 daAuts
     D:1: 725 daAuts
    D:10: 510 daAuts
    D:14: 272 daAuts
    D:11: 202 daAuts
    D:13: 60 daAuts
    D:12: 57 daAuts
